 Dungeon Crawl Stone Soup version 0.22.1-2-g9c5b331383 (webtiles) character file.

30 Nygeryga the Cudgeler (level 3, 30/33 HPs)
             Began as a Minotaur Berserker on Nov 13, 2018.
             Was a Follower of Trog.
             Quit the game on level 2 of the Dungeon.
             The game lasted 00:03:24 (1228 turns).

Nygeryga the Cudgeler (Minotaur Berserker)          Turns: 1228, Time: 00:03:24

Health: 30/33      AC:  2    Str: 22    XL:     3   Next: 3%
Magic:  2/2        EV: 12    Int:  4    God:    Trog [*.....]
Gold:   82         SH:  0    Dex:  9    Spells: 2/2 levels left

rFire    . . .     SeeInvis .   a - +0 mace
rCold    . . .     Gourm    .   (no shield)
rNeg     . . .     Faith    .   b - +0 animal skin
rPois    .         Spirit   .   (helmet restricted)
rElec    .         Reflect  .   (no cloak)
rCorr    .         Harm     .   (no gloves)
MR       .....                  (no boots)
Stlth    +.........             (no amulet)
HPRegen  0.11/turn              (no ring)
MPRegen  0.08/turn              (no ring)

@: no status effects
A: retaliatory headbutt, horns 2
a: Berserk, Renounce Religion


You were on level 2 of the Dungeon.
You worshipped Trog.
Trog was aware of your devotion.
You were not hungry.

You visited 1 branch of the dungeon, and saw 2 of its levels.

You collected 82 gold pieces.

Inventory:

Hand Weapons
 a - a +0 mace (weapon)
Armour
 b - a +0 animal skin (worn)
Scrolls
 h - 2 scrolls of random uselessness {unknown}
 i - 2 scrolls of remove curse {unknown}
 j - a scroll of fog {unknown}
 n - 3 scrolls of immolation {unknown}
Potions
 d - 2 potions of heal wounds {unknown}
 e - 3 potions of curing {unknown}
 f - a potion of resistance {unknown}
 g - a potion of berserk rage {unknown}
 k - 2 potions of flight {unknown}
 l - 2 potions of brilliance {unknown}
 m - a potion of degeneration {unknown}
Comestibles
 c - 4 rations


   Skills:
 + Level 4.1 Fighting
 + Level 4.2 Maces & Flails
 + Level 2.8 Armour
 + Level 2.5 Dodging
 + Level 0.1 Stealth


You had 2 spell levels left.
You didn't know any spells.
Your spell library was empty.

Dungeon Overview and Level Annotations

Branches:
Dungeon (2/15)

Altars:
Trog


Innate Abilities, Weirdness & Mutations

You reflexively headbutt those who attack you in melee.
You have a pair of horns on your head.


Message History

The ooze hits you.
You hit the ooze.
You kill the ooze!
Trog accepts your kill.
You have reached level 3!
Your experience leads to an increase in your attributes!
Increase (S)trength, (I)ntelligence, or (D)exterity?
You feel stronger.
Unknown command.
Search for what [? for help]? kill Can't find anything matching that.
Saving game... please wait.
Welcome back, Nygeryga the Minotaur Berserker.
Trog says: Kill them all!
Press ? for a list of commands and other information.
Unknown command.
Are you sure you want to abandon this character and quit the game? (Confirm
Okay, then.
Unknown command.
Are you sure you want to abandon this character and quit the game? (Confirm

#....# #....# #....#### #
#.......###..
##########........... .
#........#.......[### ..
#........#.)...$....####.#
####............@...##......#
......#.......##..####......#
......#......####.####......#
........###..####...##......#
......#.# #...##....#.......#
......#.# #._...............#
......#.......##....##.)....#
#######.....####....##......#
#.##..# #.............#


There were no monsters in sight!

Vanquished Creatures
  An ooze (D:2)
  A leopard gecko (D:1)
  2 bats (D:1)
  A giant cockroach (D:2)
  A goblin (D:1)
  2 hobgoblins (D:1)
  5 jackals (D:1)
  3 kobolds (D:1)
  2 ball pythons (D:1)
  A frilled lizard (D:1)
  4 rats (D:1)
23 creatures vanquished.

Notes
Turn   | Place    | Note
-------+----------+-------------------------------------------
     0 | D:1      | Nygeryga the Minotaur Berserker began the quest for the
                  | Orb.
     0 | D:1      | Reached XP level 1. HP: 19/19 MP: 0/0
   166 | D:1      | Reached XP level 2. HP: 27/27 MP: 1/1
  1198 | D:2      | Found a bloodstained altar of Trog.
  1225 | D:2      | Reached XP level 3. HP: 30/33 MP: 2/2
  1228 | D:2      | Quit the game

Skill      XL: |  1  2 |
---------------+-------+-----
Maces & Flails | 4 |  4.2
Fighting       | 4 |  4.1
Armour         | |  2.8
Dodging        | |  2.5
Stealth        | |  0.1

Action                   || total
-------------------------++-------
Melee: Mace              ||    48
       Headbutt          ||     3
  Eat: Chunk             ||     1
Armor: Animal skin       ||     8
Dodge: Dodged            ||    42
